 Dungeon Crawl Stone Soup version 0.21.1-1-g345015f (webtiles) character file.

608 xccam the Slasher (level 7, -1/57 HPs)
             Began as a Centaur Fighter on Mar 28, 2018.
             Slain by a gnoll
             ... wielding a +3 vampiric halberd
              (7 damage)
             ... on level 5 of the Dungeon.
             The game lasted 00:07:32 (3345 turns).

xccam the Slasher (Centaur Fighter)                 Turns: 3345, Time: 00:07:33

Health: -1/57      AC:  8    Str: 19    XL:     7   Next: 19%
Magic:  16/16      EV:  5    Int:  7    God:
Gold:   237        SH:  9    Dex: 10    Spells: 6/6 levels left

rFire    . . .     SeeInvis .   a - +0 long sword
rCold    . . .     Gourm    .   c - +0 shield
rNeg     . . .     Faith    .   b - +0 scale mail
rPois    +         Spirit   .   d - +0 helmet
rElec    .         Reflect  .   r - +0 cloak
rCorr    .         Harm     .   (no gloves)
MR       .....                  (no barding)
Stlth    ..........             (no amulet)
HPRegen  0.19/turn              n - ring of magical power
MPRegen  0.15/turn              p - ring of poison resistance

@: very quick
A: large, hooves 3, deformed body, speed 2, tough skin 3
a: no special abilities


You were on level 5 of the Dungeon.
You were not hungry.

You visited 1 branch of the dungeon, and saw 5 of its levels.

You collected 237 gold pieces.

Inventory:

Hand Weapons
 a - a +0 long sword (weapon)
 y - the +3 rapier of Hatred {speed, +Inv Dex+3 Stlth+}
   (You found it on level 4 of the Dungeon)

   Attacks with this weapon are significantly faster.
   It affects your dexterity (+3).
   It lets you turn invisible.
   It makes you more stealthy.
Armour
 b - a +0 scale mail (worn)
 c - a +0 shield (worn)
 d - a +0 helmet (worn)
 g - a +0 chain mail
 r - a +0 cloak (worn)
Jewellery
 n - a ring of magical power (left hand)
 p - a ring of poison resistance (right hand)
Wands
 w - a wand of random effects (24)
Scrolls
 h - a scroll of blinking
 i - a scroll of noise {unknown}
 j - 2 scrolls of enchant weapon {unknown}
 l - a scroll of amnesia
 m - 2 scrolls of identify
 q - a scroll of random uselessness {unknown}
 s - a scroll of immolation {unknown}
 t - 2 scrolls of enchant armour {unknown}
 u - a scroll of teleportation {unknown}
 v - 2 scrolls of remove curse
Potions
 e - 2 potions of ambrosia {unknown}
 k - 3 potions of curing
 o - a potion of degeneration {unknown}
 x - a potion of magic {unknown}
 z - a potion of agility {unknown}
 A - a potion of heal wounds {unknown}
Comestibles
 f - 11 rations
 B - 2 chunks of flesh


   Skills:
 + Level 3.5 Fighting
 + Level 6.4 Long Blades
 + Level 2.6 Armour
 * Level 3.0 Shields


You had 6 spell levels left.
You didn't know any spells.

Dungeon Overview and Level Annotations

Branches:
Dungeon (5/15)
 Temple: D:4-7

Altars:
Cheibriados
Gozag
Qazlal
Vehumet

Annotations:
D:5 Sigmund


Innate Abilities, Weirdness & Mutations

You have hooves in place of feet.
Armour fits poorly on your strangely shaped body.
You cover ground very quickly.
You have extremely tough skin. (AC +3)


Message History

You hit the gnoll but do no damage.
The gnoll is severely wounded.
The gnoll hits you but does no damage. The gnoll barely misses you.
The crimson imp blinks!
The orc priest mumbles some strange prayers to Beogh against you.
Beogh smites you! You block the gnoll's attack.
The gnoll hits you from afar with a spear.
* * * LOW HITPOINT WARNING * * *
You barely miss the gnoll.
The gnoll is severely wounded.
You are no longer corroded.
You block the gnoll's attack.
The orc priest calls down the wrath of Beogh upon you.
You struggle to resist.
The gnoll hits you from afar with a spear.
* * * LOW HITPOINT WARNING * * *
The gnoll hits you with a spear.
* * * LOW HITPOINT WARNING * * *
The gnoll hits you from afar with a vampiric halberd!
You die...

#.............
#.............
####.....<.......
#................
#.##.............
#.###............
#.# ##..........#
.#######.#
######.##...
.o.....@.# .# #..
.###..g.## .. #.
#o..g#g. ..
..._......
...........
######......
########


You could see an orc priest, 3 gnolls and an orc.

Vanquished Creatures
  A phantom (D:3)
  An ogre (D:2)
  A jelly (D:5)
  3 hounds
  An iguana (D:4)
  Terence (D:2)
  Natasha (thrice) (D:2)
  Ijyb (D:4)
  2 worker ants (D:4)
  A gnoll (D:3)
  3 adders
  An ooze (D:2)
  A worm (D:2)
  A dart slug (D:2)
  3 leopard geckos
  An orc (D:4)
  10 bats
  5 giant cockroaches
  6 goblins
  7 hobgoblins
  3 jackals (D:3)
  5 kobolds
  2 quokkas (D:3)
  A ball python (D:1)
  10 frilled lizards
  8 rats
82 creatures vanquished.

Vanquished Creatures (others)
  5 toadstools (D:1)
5 creatures vanquished.

Grand Total: 87 creatures vanquished

Notes
Turn   | Place    | Note
-------+----------+-------------------------------------------
     0 | D:1      | xccam the Centaur Fighter began the quest for the Orb.
     0 | D:1      | Reached XP level 1. HP: 19/19 MP: 1/1
    35 | D:1      | Reached skill level 2 in Long Blades
   180 | D:1      | Reached XP level 2. HP: 26/26 MP: 2/2
   339 | D:1      | Reached skill level 3 in Long Blades
   773 | D:1      | Reached XP level 3. HP: 31/31 MP: 3/3
   962 | D:2      | Noticed Terence
   964 | D:2      | Found a radiant altar of Vehumet.
   973 | D:2      | Killed Terence
  1080 | D:2      | Found an opulent altar of Gozag.
  1114 | D:2      | Reached XP level 4. HP: 38/38 MP: 3/4
  1126 | D:2      | Reached skill level 4 in Long Blades
  1153 | D:2      | Noticed Natasha
  1170 | D:2      | Killed Natasha
  1208 | D:2      | Noticed Natasha
  1215 | D:2      | Killed Natasha
  1315 | D:2      | Noticed an ogre
  1338 | D:2      | Noticed Natasha
  1357 | D:2      | Killed Natasha
  1357 | D:2      | Reached XP level 5. HP: 4/45 MP: 5/5
  1466 | D:2      | Killed an ogre
  1466 | D:2      | Reached skill level 5 in Long Blades
  1958 | D:3      | Reached XP level 6. HP: 42/51 MP: 6/6
  1963 | D:3      | Reached skill level 6 in Long Blades
  2553 | D:3      | Found a stormy altar of Qazlal.
  2657 | D:4      | Noticed Ijyb
  2667 | D:4      | Killed Ijyb
  2768 | D:4      | Got an iridescent rapier
  2769 | D:4      | Identified the cursed +3 rapier of Hatred {speed, +Inv Dex+3 Stlth+} (You found it on level 4 of the Dungeon)
  2925 | D:4      | Reached XP level 7. HP: 57/57 MP: 7/7
  3258 | D:5      | Entered Level 5 of the Dungeon
  3258 | D:5      | Noticed Sigmund
  3339 | D:5      | Found a snail-covered altar of Cheibriados.
  3345 | D:5      | Slain by a gnoll

Skill      XL: |  1  2  3  4  5  6  7 |
---------------+----------------------+-----
Long Blades    | 2 3 4 5 6 |  6.4
Shields        | 3 |  3.0
Fighting       | |  3.5
Armour         | |  2.6

Action                   |  1- 3 |  4- 6 |  7- 9 || total
-------------------------+-------+-------+-------++-------
Melee: Long sword        |    78 |   154 |    17 ||   249
       Kick              |    12 |    33 |     3 ||    48
       Rapier            |       |     8 |       ||     8
  Use: Potion            |       |     2 |       ||     2
       Scroll            |       |     5 |       ||     5
  Eat: Chunk             |       |     5 |     1 ||     6
Armor: Scale mail        |    39 |    64 |     6 ||   109
Dodge: Dodged            |    18 |    42 |     9 ||    69
Block: Shield            |    22 |    60 |     8 ||    90
       Rpst.: Long sword |     7 |    15 |     3 ||    25
